Cogmind - Beta 11 X9 @@@ ROGUE MODE // 2022.01.28 @ 21:22:58 Player: LU-1G1 Result: Destroyed by H-77 Assassin with High-powered Shotgun Performance ------------- Evolutions (6) 3000 Regions Visited (11) 2200 Robots Destroyed (32) 160 Value Destroyed (873) 873 Prototype IDs (29) 580 Alien Tech Used (0) 0 Bonus (854) 854 TOTAL SCORE: 7667 Bonus ------- Follower Combat Kills 54 Entered DSFs 500 Aligned with FarCom 300 Cogmind --------- Core Integrity 0/1150 Matter 260/300 Energy 98/100 System Corruption 7% Temperature Cool (0) Movement Core (50) Location -4/Armory Parts ------- > --- POWER (1) -------- (None) > --- PROPULSION (7) --- (None) > --- UTILITY (9) ------ (None) > --- WEAPON (2) ------- (None) > --- INVENTORY (5) ---- Backup Power III Advanced Terrain Scanner Improved Medium Armor Plating Layered Light Armor Plating Improved Assault Rifle Peak State ------------ > --- POWER ------------ Fission Core > --- PROPULSION ------- Improved VTOL Module Field Propulsion Drive Field Propulsion Drive Field Propulsion Drive > --- UTILITY ---------- Lightpack 2.0 Inertial Stasis Machine Advanced Visual Processing Unit Improved Light Armor Plating Layered Light Armor Plating Hacking Suite > --- WEAPON ----------- Heavy Mace > --- INVENTORY -------- Fission Core Improved Airjet VTOL Module High-capacity Matter Pod Advanced Terrain Scanner Improved Medium Armor Plating Layered Light Armor Plating Layered Light Armor Plating Layered Light Armor Plating Layered Light Armor Plating Improved Assault Rifle Improved Assault Rifle Grenade Launcher Long-range Missile Launcher Long-range Missile Launcher Long-range Missile Launcher [Rating: 87] Favorites ----------- Power Ion Engine Engine Ion Engine Power Core Light Nuclear Core Propulsion Light Treads Treads Light Treads Hover Unit Improved Airjet Flight Unit Field Propulsion Drive Utility Advanced Visual Processing Unit Device Improved Terrain Scanner Storage Large Storage Unit Processor Advanced Visual Processing Unit Hackware Hacking Suite Protection Layered Light Armor Plating Weapon Light Assault Rifle Energy Gun Backup Laser III Ballistic Gun Light Assault Rifle Launcher Long-range Missile Launcher Impact Weapon Heavy Mace Build | -11 -10 -10 -10 -9 -8 -7 -7 -6 -5 -4 -4 ------- Run | Scr Mat Min Exi Min Mat Fac DSF Fac Fac Fac Arm Slots Evolved 12 | . . . . . 4 2 . 2 2 2 . Power . | . . . . . . . . . . . . Propulsion 5 | . . . . . 1 1 . 1 1 1 . Utility 7 | . . . . . 3 1 . 1 1 1 . Weapon . | . . . . . . . . . . . . Parts Attached 71 | 7 1 . 1 . 26 7 3 3 7 10 6 Power 7 | 1 . . . . 2 . . . . 3 1 Engine 2 | 1 . . . . . . . . . . 1 Core 5 | . . . . . 2 . . . . 3 . Reactor . | . . . . . . . . . . . . Propulsion 30 | 2 . . . . 13 3 2 1 5 2 2 Treads 6 | 2 . . . . 4 . . . . . . Leg . | . . . . . . . . . . . . Wheel . | . . . . . . . . . . . . Hover 9 | . . . . . 6 . 2 . . 1 . Flight 15 | . . . . . 3 3 . 1 5 1 2 Utility 19 | 2 . . 1 . 4 2 1 . 2 5 2 Device 3 | 1 . . . . . . . . 1 1 . Storage 5 | 1 . . 1 . 1 1 . . . . 1 Processor 2 | . . . . . 1 1 . . . . . Hackware 2 | . . . . . 1 . . . 1 . . Protection 7 | . . . . . 1 . 1 . . 4 1 Artifact . | . . . . . . . . . . . . Weapon 15 | 2 1 . . . 7 2 . 2 . . 1 Energy Gun . | . . . . . . . . . . . . Energy Cannon . | . . . . . . . . . . . . Ballistic Gun 8 | 2 1 . . . 5 . . . . . . Ballistic Cannon . | . . . . . . . . . . . . Launcher 3 | . . . . . 1 . . 1 . . 1 Special Weapon . | . . . . . . . . . . . . Impact Weapon 4 | . . . . . 1 2 . 1 . . . Slashing Weapon . | . . . . . . . . . . . . Piercing Weapon . | . . . . . . . . . . . . Special Melee Weapon . | . . . . . . . . . . . . Unidentified Prototypes 6 | . . . . . 5 . . . . 1 . Corrupted Parts 3 | . . . . . 2 . . 1 . . . System Corruption 20 | . . . . . 13 . . 7 . . . Parts Lost 32 | . . . . . 4 . 1 6 2 12 7 Power 5 | . . . . . 1 . . 1 . 2 1 Propulsion 17 | . . . . . 1 . 1 3 1 7 4 Utility 6 | . . . . . 2 . . 1 1 2 . Weapon 4 | . . . . . . . . 1 . 1 2 Highest Loss Streak 11 | . . . . . 1 . 1 6 2 11 4 Average Slot Usage (%) 74 | . 100 100 100 100 81 68 72 57 50 54 35 Engine 5 | . 14 14 14 14 1 . . . . . 3 Core 1 | . . . . . 3 7 7 3 . 2 . Treads 14 | . 28 28 28 28 21 . . . . . . Hover 2 | . . . . . . 17 11 10 . . 6 Flight 5 | . . . . . . 4 17 14 29 21 1 Device 7 | . 14 14 14 14 7 . . . 1 4 3 Storage 8 | . 14 14 14 14 9 7 7 6 5 5 3 Processor 4 | . . . . . 8 9 11 6 5 5 3 Hackware 3 | . . . . . 8 7 7 3 1 5 3 Protection 1 | . . . . . 3 . 1 4 . 5 2 Ballistic Gun 13 | . 28 28 28 28 17 5 . . . . . Impact Weapon 1 | . . . . . . 7 7 5 5 5 . Naked Turns 56 | . . . . . . . . . . . 56 Heaviest Build 34 | 13 13 13 28 28 34 17 18 18 10 25 21 Greatest Support 60 | 40 40 40 40 40 60 27 18 18 33 26 32 Greatest Overweight (x) 4 | 4 4 . . . 3 . . 2 . 1 2 Average Overweight (x) . | . 3 . . . . . . . . . . Largest Inventory Capacity 40 | 8 8 8 15 15 15 40 40 40 40 40 40 Average Capacity 21 | 7 8 8 13 15 14 13 40 40 40 40 27 Most Carried 17 | 7 8 8 12 12 15 9 11 15 17 17 12 Average Carried 11 | 3 7 8 9 12 13 7 8 14 15 15 7 Final Capacity 40 | 8 8 8 15 15 8 40 40 40 40 40 5 Final Carried 17 | 6 8 8 12 12 8 9 11 14 17 12 5 Class Distribution -------------------- 38% | Mutant 24% | Hauler-Mutant 16% | Skirmisher 9% | Scavenger-Skirmisher 7% | Hauler-Sprinter Dominant Class ---------------- Mutant | -10/Materials Mutant | -10/Mines Mutant | -10/Exiles Skirmisher | -9/Mines Skirmisher | -8/Materials Mutant | -7/Factory Hauler-Scout | -7/DSF Hauler-Mutant | -6/Factory Hauler-Mutant | -5/Factory Hauler-Mutant | -4/Factory Hauler-Mutant | -4/Armory Resources | -11 -10 -10 -10 -9 -8 -7 -7 -6 -5 -4 -4 ----------- Run | Scr Mat Min Exi Min Mat Fac DSF Fac Fac Fac Arm Matter Collected 1416 | 121 150 . 57 . 571 233 . 14 100 99 71 Remotely . | . . . . . . . . . . . . Salvage Created 1217 | 11 83 . . 10 929 59 . 125 . . . Parts 68 | 4 1 . . 2 45 3 . 13 . . . Haulers Intercepted 6 | . . . . . 5 1 . . . . . Recyclers Shooed 2 | 1 . . . . 1 . . . . . . Parts Field Recycled . | . . . . . . . . . . . . Retrieved Matter . | . . . . . . . . . . . . Parts Self-Destructed . | . . . . . . . . . . . . Prevented . | . . . . . . . . . . . . Kills | -11 -10 -10 -10 -9 -8 -7 -7 -6 -5 -4 -4 ------- Run | Scr Mat Min Exi Min Mat Fac DSF Fac Fac Fac Arm Combat Hostiles Destroyed 18 | . 2 . . 1 11 . . 4 . . . Melee 1 | . . . . . . . . 1 . . . Guns 14 | . 2 . . 1 11 . . . . . . AOE 3 | . . . . . . . . 3 . . . Classes Destroyed 11 | 1 1 . . 1 6 . . 2 . . . Worker 2 | . . . . . 1 . . 1 . . . Builder 2 | . . . . . 1 . . 1 . . . Tunneler 1 | 1 . . . . . . . . . . . Hauler 6 | . . . . . 5 1 . . . . . Recycler 1 | . . . . . 1 . . . . . . Operator 1 | . . . . . . . . 1 . . . Watcher 1 | . . . . . . . . 1 . . . Swarmer 5 | . . . . 1 . . . 4 . . . Grunt 11 | . 2 . . . 9 . . . . . . Sentry 1 | . . . . . 1 . . . . . . Hunter 1 | . . . . . 1 . . . . . . Best Kill Streak 7 | 1 2 . . 1 3 1 . 7 . . . Combat Bots Only 3 | . 2 . . 1 2 . . 3 . . . Max Kills in Single Turn 4 | 1 1 . . 1 1 1 . 4 . . . Gunslinging . | . . . . . . . . . . . . Exploded 2 | . . . . . . . . 2 . . . Melee 1 | . . . . . . . . 1 . . . Uniques/NPCs Destroyed . | . . . . . . . . . . . . Combat | -11 -10 -10 -10 -9 -8 -7 -7 -6 -5 -4 -4 -------- Run | Scr Mat Min Exi Min Mat Fac DSF Fac Fac Fac Arm Damage Taken 5161 | . 258 . . 8 1004 . 100 859 303 1363 1266 Core 1778 | . 65 . . . 172 . 48 197 146 185 965 Absorbed by Shields . | . . . . . . . . . . . . Core Remaining (%) 82 | 100 . . . 74 68 . 93 76 85 . . Volleys Fired 121 | 3 16 . . 2 76 15 . 2 . . 7 Largest 2 | 2 2 . . 2 2 1 . 1 . . 1 Hottest 48 | 40 40 . . 40 48 23 . 43 . . 43 Shots Fired 218 | 6 32 . . 4 152 15 . 2 . . 7 Gun 209 | 6 32 . . 4 152 15 . . . . . Cannon . | . . . . . . . . . . . . Launcher 9 | . . . . . . . . 2 . . 7 Special . | . . . . . . . . . . . . Kinetic 209 | 6 32 . . 4 152 15 . . . . . Thermal . | . . . . . . . . . . . . Explosive 9 | . . . . . . . . 2 . . 7 Electromagnetic . | . . . . . . . . . . . . Robot Hit Streak 20 | 3 7 . . 2 20 7 . . . . . Robot Miss Streak 7 | . 2 . . 2 7 1 . 1 . . . Penetration Max . | . . . . . . . . . . . . Secondary Targets . | . . . . . . . . . . . . Shots Hit Robots 156 | 3 24 . . 2 108 13 . 3 1 2 . Core Hits 86 | 2 7 . . 1 44 1 . 29 . 1 1 Critical Kills 1 | . . . . . 1 . . . . . . Critical Parts Destroyed 1 | . . . . . 1 . . . . . . Critical Strikes 2 | . . . . . 2 . . . . . . Destroy 2 | . . . . . 2 . . . . . . Melee Attacks 19 | . . . . . . . . 6 3 10 . Impact 19 | . . . . . . . . 6 3 10 . Slashing . | . . . . . . . . . . . . Piercing . | . . . . . . . . . . . . Sneak Attacks . | . . . . . . . . . . . . Combat Hostiles . | . . . . . . . . . . . . Follow-up Attacks . | . . . . . . . . . . . . Damage Inflicted 3095 | 27 194 . . 20 1610 197 . 935 10 71 31 Guns 2026 | 27 194 . . 20 1588 197 . . . . . Cannons . | . . . . . . . . . . . . Explosions 823 | . . . . . . . . 823 . . . Melee 180 | . . . . . . . . 112 10 58 . Ramming 66 | . . . . . 22 . . . . 13 31 Kinetic 2026 | 27 194 . . 20 1588 197 . . . . . Thermal . | . . . . . . . . . . . . Explosive 479 | . . . . . . . . 479 . . . Electromagnetic 344 | . . . . . . . . 344 . . . Impact 180 | . . . . . . . . 112 10 58 . Slashing . | . . . . . . . . . . . . Piercing . | . . . . . . . . . . . . Highest Corruption 13 | . . . . . 13 . . 7 1 . 7 Average Corruption 4 | . . . . . 9 . . 7 1 . 6 Corruption Purged . | . . . . . . . . . . . . Effects 6 | . . . . . 1 . . 5 . . . Matter Fused 5 | . . . . . 1 . . 4 . . . Data Loss (minor) 1 | . . . . . . . . 1 . . . Overload Shots . | . . . . . . . . . . . . Overflow Damage 28 | . . . . . . . . 28 . . . Projectiles . | . . . . . . . . . . . . Explosions . | . . . . . . . . . . . . Melee 28 | . . . . . . . . 28 . . . Knockbacks . | . . . . . . . . . . . . Impact . | . . . . . . . . . . . . Kinetic . | . . . . . . . . . . . . Secondary . | . . . . . . . . . . . . Self-Inflicted Damage 83 | . . . . . . . . 26 . 6 51 Shots 3 | . . . . . . . . 1 . . 2 Rammed 16 | . . . . . 3 . . 1 . 2 10 Targets Rammed 16 | . . . . . 3 . . 1 . 2 10 Kicked . | . . . . . . . . . . . . Crushed . | . . . . . . . . . . . . Highest Temperature 44 | . 18 . . . 18 . . 33 . 44 . Average Temperature 12 | . 9 . . . 8 . . 12 . 25 . Received Heat Transfer 1246 | . 126 . . . 468 . . 237 . 262 153 Siege Activations . | . . . . . . . . . . . . Robots Corrupted . | . . . . . . . . . . . . Combat Hostiles . | . . . . . . . . . . . . Parts Fried 1 | . . . . . . . . 1 . . . Impact Corruptions 2 | . . . . . . . . 2 . . . Robots Melted . | . . . . . . . . . . . . Combat Hostiles . | . . . . . . . . . . . . Parts Melted . | . . . . . . . . . . . . Heat Transferred . | . . . . . . . . . . . . Parts Sabotaged . | . . . . . . . . . . . . Parts Stolen . | . . . . . . . . . . . . Parts Stripped . | . . . . . . . . . . . . Power Chain Reactions . | . . . . . . . . . . . . Missiles Intercepted . | . . . . . . . . . . . . Alert | -11 -10 -10 -10 -9 -8 -7 -7 -6 -5 -4 -4 ------- Run | Scr Mat Min Exi Min Mat Fac DSF Fac Fac Fac Arm Peak Influence 271 | 5 68 26 . 113 235 37 25 208 232 135 271 Initial 103 | . 3 26 . . 43 30 25 7 90 103 40 Average 87 | 1 22 26 . 104 112 32 18 66 146 114 107 Maximum Alert Level 1 | . . . . . 1 . . 1 1 . 1 Low Security (%) 93 | 100 100 100 . 100 91 100 100 97 72 100 94 Level 1 6 | . . . . . 8 . . 2 27 . 5 Level 2 . | . . . . . . . . . . . . Level 3 . | . . . . . . . . . . . . Level 4 . | . . . . . . . . . . . . Level 5 . | . . . . . . . . . . . . High Security . | . . . . . . . . . . . . Max Security . | . . . . . . . . . . . . Squads Dispatched 11 | . . . . . 2 1 . 4 3 1 . Investigation 7 | . . . . . 2 1 . 2 2 . . Extermination . | . . . . . . . . . . . . Reinforcement 4 | . . . . . . . . 2 1 1 . Assault . | . . . . . . . . . . . . Garrison . | . . . . . . . . . . . . Intercept . | . . . . . . . . . . . . Construction Impeded . | . . . . . . . . . . . . Haulers Reinforced . | . . . . . . . . . . . . Active Scanning Responses . | . . . . . . . . . . . . Cargo Convoy Interrupts . | . . . . . . . . . . . . Stealth | -11 -10 -10 -10 -9 -8 -7 -7 -6 -5 -4 -4 --------- Run | Scr Mat Min Exi Min Mat Fac DSF Fac Fac Fac Arm Distress Signals 2 | . . . . . 1 . . . . . 1 Communications Jammed . | . . . . . . . . . . . . Distress Signals . | . . . . . . . . . . . . Times Spotted 111 | . 8 . . 4 19 . 1 25 9 15 30 Peak Tracking Total 24 | . 6 . . 4 3 . 1 10 4 11 24 Tactical Retreats 14 | . . . . . 2 . . 3 3 2 4 Traps | -11 -10 -10 -10 -9 -8 -7 -7 -6 -5 -4 -4 ------- Run | Scr Mat Min Exi Min Mat Fac DSF Fac Fac Fac Arm Traps Triggered 5 | . . . . . 3 . . . . 2 . Indirectly . | . . . . . . . . . . . . Trap Hack Attempts . | . . . . . . . . . . . . Triggered . | . . . . . . . . . . . . Disarmed . | . . . . . . . . . . . . Reprogrammed . | . . . . . . . . . . . . Reused . | . . . . . . . . . . . . Traps Extracted . | . . . . . . . . . . . . Installed . | . . . . . . . . . . . . Triggered . | . . . . . . . . . . . . Exploded 1 | . . . 1 . . . . . . . . Machines | -11 -10 -10 -10 -9 -8 -7 -7 -6 -5 -4 -4 ---------- Run | Scr Mat Min Exi Min Mat Fac DSF Fac Fac Fac Arm Machines Disabled 7 | . . . . 1 . . . 4 . . 2 Max in Single Turn 3 | . . . . . . . . 3 . . 2 Machines Sabotaged . | . . . . . . . . . . . . Garrisons Compromised . | . . . . . . . . . . . . Overloaded Fab Kills . | . . . . . . . . . . . . Hacking | -11 -10 -10 -10 -9 -8 -7 -7 -6 -5 -4 -4 --------- Run | Scr Mat Min Exi Min Mat Fac DSF Fac Fac Fac Arm Machines Accessed 21 | . . . 2 . 2 1 . 5 8 . 3 Terminals 15 | . . . . . 2 1 . 4 7 . 1 Fabricators 2 | . . . . . . . . 1 1 . . Repair Stations 2 | . . . . . . . . . . . 2 Recycling Units . | . . . . . . . . . . . . Scanalyzers . | . . . . . . . . . . . . Garrison Access . | . . . . . . . . . . . . Total Hacks 49 | . . . 3 . 4 3 . 18 17 . 4 Successful 23 | . . . 3 . 2 1 . 8 6 . 3 Failed 26 | . . . . . 2 2 . 10 11 . 1 Catastrophic 6 | . . . . . 1 . . 2 3 . . Database Lockouts . | . . . . . . . . . . . . Manual 20 | . . . 1 . 4 . . 9 6 . . Terminals 37 | . . . . . 4 3 . 13 15 . 2 Fabricators 7 | . . . . . . . . 5 2 . . Repair Stations 2 | . . . . . . . . . . . 2 Recycling Units . | . . . . . . . . . . . . Scanalyzers . | . . . . . . . . . . . . Garrison Access . | . . . . . . . . . . . . Terminal Hacks 18 | . . . 3 . 2 1 . 7 4 . 1 Record 3 | . . . 2 . . . . 1 . . . Open DSF 2 | . . . . . . 1 . 1 . . . Level Access Points 2 | . . . . . . . . 1 . . 1 Branch Access Points 1 | . . . . . . . . . 1 . . Terminal Index 1 | . . . . . . . . . 1 . . Alert Level 1 | . . . . . . . . 1 . . . Unreport Threat 2 | . . . . . . . . 2 . . . Transport Status 1 | . . . . . 1 . . . . . . Hauler Manifests 1 | . . . . . 1 . . . . . . Zone Layout 3 | . . . . . . . . 1 2 . . EX-Prototype ID Bank 1 | . . . 1 . . . . . . . . Fabricator Hacks 2 | . . . . . . . . 1 1 . . Network Status 1 | . . . . . . . . . 1 . . Build 1 | . . . . . . . . 1 . . . Repair Station Hacks 2 | . . . . . . . . . . . 2 Refit 2 | . . . . . . . . . . . 2 Recycling Unit Hacks . | . . . . . . . . . . . . Scanalyzer . | . . . . . . . . . . . . Garrison Access Hacks . | . . . . . . . . . . . . Unauthorized Hacks 1 | . . . . . . . . . 1 . . Terminals 1 | . . . . . . . . . 1 . . Botnet 1 | . . . . . . . . . 1 . . Fabricators . | . . . . . . . . . . . . Repair Stations . | . . . . . . . . . . . . Recycling Units . | . . . . . . . . . . . . Scanalyzers . | . . . . . . . . . . . . Garrison Access . | . . . . . . . . . . . . Data Cores Recovered . | . . . . . . . . . . . . Used . | . . . . . . . . . . . . Hacking Detections 17 | . . . . . 2 1 . 5 7 . 2 Full Trace Events 6 | . . . . . 1 1 . 2 2 . . Feedback Events 1 | . . . . . . . . . 1 . . Corruption 1 | . . . . . . . . . 1 . . Feedback Blocked . | . . . . . . . . . . . . Robot Schematics Acquired . | . . . . . . . . . . . . Robots Built 3 | . . . . . . . . 3 . . . Authchips . | . . . . . . . . . . . . Time 152 | . . . . . . . . 152 . . . Total Robot Build Rating 15 | . . . . . . . . 15 . . . Part Schematics Acquired . | . . . . . . . . . . . . Parts Built . | . . . . . . . . . . . . Authchips . | . . . . . . . . . . . . Time . | . . . . . . . . . . . . Total Part Build Rating . | . . . . . . . . . . . . Parts Repaired . | . . . . . . . . . . . . Time . | . . . . . . . . . . . . Parts Recycled . | . . . . . . . . . . . . Recycled Matter . | . . . . . . . . . . . . Retrieved Matter . | . . . . . . . . . . . . Retrieved Components . | . . . . . . . . . . . . Parts Scanalyzed . | . . . . . . . . . . . . Part Schematics Acquired . | . . . . . . . . . . . . Parts Damaged . | . . . . . . . . . . . . Bothacking | -11 -10 -10 -10 -9 -8 -7 -7 -6 -5 -4 -4 ------------ Run | Scr Mat Min Exi Min Mat Fac DSF Fac Fac Fac Arm Used RIF Installer . | . . . . . . . . . . . . Robots Hacked . | . . . . . . . . . . . . Non-combat . | . . . . . . . . . . . . Combat . | . . . . . . . . . . . . Robot Hacks Applied . | . . . . . . . . . . . . Relay Couplers Released . | . . . . . . . . . . . . Fabnet Peak Effective % . | . . . . . . . . . . . . Robots Rewired . | . . . . . . . . . . . . Allies Hacked . | . . . . . . . . . . . . Hacks Repelled . | . . . . . . . . . . . . Allies | -11 -10 -10 -10 -9 -8 -7 -7 -6 -5 -4 -4 -------- Run | Scr Mat Min Exi Min Mat Fac DSF Fac Fac Fac Arm Total Allies 6 | . . 3 . . . . . 3 . . . Largest Group 3 | . . 3 3 3 2 . . 3 . . . Highest-Rated Group 87 | . . 40 40 40 32 . . 87 . . . Highest-Rated Ally 29 | . . 16 16 16 16 . . 29 . . . Total Orders . | . . . . . . . . . . . . Ally Attacks 18 | . . . . 11 7 . . . . . . Total Damage 142 | . . . . 73 69 . . . . . . Kills 4 | . . . . 3 1 . . . . . . Allies Corrupted . | . . . . . . . . . . . . Allies Melted . | . . . . . . . . . . . . Intel | -11 -10 -10 -10 -9 -8 -7 -7 -6 -5 -4 -4 ------- Run | Scr Mat Min Exi Min Mat Fac DSF Fac Fac Fac Arm Robot Analysis Total . | . . . . . . . . . . . . Derelict Logs Recovered . | . . . . . . . . . . . . Drone Launches . | . . . . . . . . . . . . Drone Recoveries . | . . . . . . . . . . . . Exploration | -11 -10 -10 -10 -9 -8 -7 -7 -6 -5 -4 -4 ------------- Run | Scr Mat Min Exi Min Mat Fac DSF Fac Fac Fac Arm Turns Passed 3172 | 113 360 71 444 77 832 116 44 245 286 215 369 Spaces Moved 3074 | 52 136 40 274 34 335 169 94 523 616 474 327 Core 257 | 15 107 . . . . . . . . 4 131 Treads 736 | 37 29 40 274 34 322 . . . . . . Legs . | . . . . . . . . . . . . Wheels . | . . . . . . . . . . . . Hover 663 | . . . . . 13 132 48 288 . 4 178 Flight 1418 | . . . . . . 37 46 235 616 466 18 Fastest Speed 29 | 50 160 160 160 160 42 29 29 29 29 33 40 Average Speed 79 | 174 230 160 160 160 157 39 37 39 35 35 78 Slowest Speed 250 | 250 250 160 160 160 250 42 46 175 37 119 240 Overloaded Moves . | . . . . . . . . . . . . Propulsion Burnouts . | . . . . . . . . . . . . Robots Hopped 25 | . . . . . . . . 14 3 8 . Cave-ins Triggered . | . . . . . . . . . . . . Exploration Rate (%) 29 | 6 27 15 69 14 35 9 90 19 23 20 25 Regions Visited 11 Branch Regions 4 Pre-discovered Areas 1 | . . . 1 . . . . . . . . Known Exits Taken 2 | . . . . . . 1 . 1 . . . Unknown Exits Taken 8 | 1 1 1 1 1 1 . . . 1 1 . Scrap Searched . | . . . . . . . . . . . . Spaces Dug 52 | . . . . . . . . 13 2 5 32 Terrain Destroyed 160 | . . . . . . . . 22 2 5 131 Melee 7 | . . . . . . . . . 2 5 . Projectile . | . . . . . . . . . . . . AOE 153 | . . . . . . . . 22 . . 131 Terrain Rammed . | . . . . . . . . . . . . Walls Destroyed . | . . . . . . . . . . . . Machines Disabled . | . . . . . . . . . . . . Actions | -11 -10 -10 -10 -9 -8 -7 -7 -6 -5 -4 -4 --------- Run | Scr Mat Min Exi Min Mat Fac DSF Fac Fac Fac Arm Total 3550 | 68 157 47 280 54 520 205 102 531 669 488 429 Wait 195 | . 2 8 3 19 35 . . 5 45 . 78 Move 3020 | 51 135 39 273 33 334 169 93 499 609 458 327 Hop 20 | . . . . . . . . 10 3 7 . Pick Up 45 | 7 2 . 2 . 15 7 5 4 2 1 . Fast Attach 40 | 6 . . . . 13 3 1 1 6 6 4 Attach 18 | 1 . . . . 5 3 2 2 . 4 1 Detach 9 | . . . . . 4 2 . 2 . . 1 Swap 13 | . 1 . 1 . 8 1 . . 1 . 1 Drop 35 | . 1 . 1 . 27 5 1 . . . . Fire 121 | 3 16 . . 2 76 15 . 2 . . 7 Melee 19 | . . . . . . . . 6 3 10 . Ram 12 | . . . . . . . . . . 2 10 Kick . | . . . . . . . . . . . . Crush 3 | . . . . . 3 . . . . . . Escape Stasis . | . . . . . . . . . . . . Rewire . | . . . . . . . . . . . . Trap . | . . . . . . . . . . . . Miscellaneous . | . . . . . . . . . . . . Route ------- -11/Scrapyard -10/Materials (discovered 2 exits: [*Mat] / [*Min]) -10/Mines -10/Exiles -9/Mines -8/Materials -7/Factory -7/DSF -6/Factory (discovered 4 exits: *Fac x4) -5/Factory (discovered 3 exits: [*Fac] / Upp x2) -4/Factory -4/Armory (discovered 2 exits: Res x2) History --------- Turn | Location | Event 15 | -11/Scrapyard | Discovered new exit (range 14) 114 | -11/Scrapyard | Entered Materials 305 | -10/Materials | Build established: Mutant 453 | -10/Materials | Discovered new exit (range 15) 453 | -10/Materials | Discovered new exit (range 14) 474 | -10/Materials | Entered Mines 487 | -10/Mines | Assisted by bots powering up and referring to "LRC-V3" 529 | -10/Mines | Deemed a non-threat by the Exiles lab entrance 530 | -10/Mines | Discovered new exit (range 5) 545 | -10/Mines | Entered Exiles 545 | -10/Exiles | Accompanied by 3 allies 585 | -10/Exiles | Met 8R-AWN 611 | -10/Exiles | Met EX-HEX 705 | -10/Exiles | Met EX-DEC 734 | -10/Exiles | Learned location of Zion (-7) 762 | -10/Exiles | Met EX-BIN 785 | -10/Exiles | Aligned with FarCom system 786 | -10/Exiles | Given EX-Vault access code 825 | -10/Exiles | Opened EX-Vault 836 | -10/Exiles | Found Lightpack 2.0 867 | -10/Exiles | Warned to stay clear of 0b10 Research branches 891 | -10/Exiles | Exiles lab attacked by MAIN.C 971 | -10/Exiles | Discovered new exit (range 10) 989 | -10/Exiles | Left Exiles lab with Lightpack 2.0 989 | -10/Exiles | Entered Mines 989 | -9/Mines | Accompanied by 3 allies 1053 | -9/Mines | Discovered new exit (range 6) 1066 | -9/Mines | Entered Materials 1066 | -8/Materials | Accompanied by 2 allies 1066 | -8/Materials | Evolved 4 slots: Propulsion x1, Utility x3 1279 | -8/Materials | Build established: Skirmisher 1786 | -8/Materials | Discovered new exit (range 20) 1895 | -8/Materials | System corruption reached 10% 1898 | -8/Materials | Entered Factory 1898 | -7/Factory | Evolved 2 slots: Propulsion x1, Utility x1 2014 | -7/Factory | Identified exit to DSF 2014 | -7/Factory | Entered DSF 2027 | -7/DSF | Discovered new exit (range 18) 2036 | -7/DSF | Additional patrols routed to DSF 2058 | -7/DSF | Entered Factory 2058 | -6/Factory | Evolved 2 slots: Propulsion x1, Utility x1 2127 | -6/Factory | Identified exit to Factory 2236 | -6/Factory | Fabricated G-50 Soldier? 2301 | -6/Factory | Lost 6 parts (1p3n1u1w) 2303 | -6/Factory | Entered another Factory area 2303 | -5/Factory | Evolved 2 slots: Propulsion x1, Utility x1 2380 | -5/Factory | Identified exit to Upper Caves 2558 | -5/Factory | Discovered new exit (range 20) 2589 | -5/Factory | Entered another Factory area 2589 | -4/Factory | Evolved 2 slots: Propulsion x1, Utility x1 2661 | -4/Factory | Build established: Hauler-Mutant 2753 | -4/Factory | Spotted B-86 Titan 2797 | -4/Factory | Discovered new exit (range 5) 2804 | -4/Factory | Entered Armory 2834 | -4/Armory | Lost 11 parts (2p6n2u1w) 2922 | -4/Armory | Identified exit to Research 3033 | -4/Armory | Released all parts (10) 3046 | -4/Armory | Released all parts (1) 3106 | -4/Armory | Lost 4 parts (1p3n) 3130 | -4/Armory | Core integrity fell below 50% 3149 | -4/Armory | Core integrity fell below 20% 3158 | -4/Armory | Lost 3 parts (1n2w) 3173 | -4/Armory | Destroyed by H-77 Assassin with High-powered Shotgun Last Messages --------------- 03109_ Backup Propulsion I destroyed. 03121_ W-44 Eye sends out distress signal. 03124_ Slammed into W-44 Eye. 03124_ Destabilizing: System corrupted (+2). 03126_ Slammed into L-61 Swordsman. 03126_ Backup Laser I destroyed. 03126_ System corrupted by crushing effect (+5). 03127_ Slammed into L-61 Swordsman. 03127_ Backup Laser I severed. 03127_ Backup Laser I disintegrated. 03128_ Slammed into L-61 Swordsman. 03129_ Destabilizing: Core damaged (-23). 03130_ Slammed into L-61 Swordsman. 03131_ Slammed into G-67 Veteran. 03144_ Penetrated by Slug. 03172_ Slug penetrates Recycling Unit. 03172_ Recycling Unit disabled. 03172_ Adv. Cryofiber Web tumbles out of recycling unit. 03173_ Slug penetrates Wall. 03173_ Imp. System Restoration Module tumbles out of recycling unit. Map ----- +----------------------------------------------------+ | ?????????????????????????????????????????????????# | | ?????????????????????????????????????????????????# | | ?????????????????????????????????????????????????# | | ?????????????????????????????????????????????##### | | ?????????????????????????????????????????????+ | | ?????????????????????????????????????????????# | | ?????????????????????????????????????????????# | | ?????????????????????????????????????????????+ | | ?????????????????????????????????????????????????# | | ?????????????????????????????????????????????????# | | ?????????????????????????????????????????????????# | | ?????????????????????????????????????????????????# | | ?????????????????????????????????????????????????# | | ?????????????????????????????????Y???????????????# | | ?????????????????????????????????????????????????# | | ????????????????????????????????#???????????????## | | ????????????????????????????????# ###########/### | | ????????????????????????????????# lll g | | ????????????????l???????????????####l##l ### | | ????????????????l??????????????????#l##lg #?## | | ????????????????l??????????????????#Y## #??? | | ??????????????????????##############/## ##### #??? | | ??????????????????????# l ## #???# #??? | | ?????????? ??????# """ [ ## #???# #??? | | ?????????? h# ! !!/ ## #???# #??? | | ?????????? h !@ !!/ ## #???# #??? | | ?????????? [ # !/ ## #???# #??? | | ??????????" =??????# Y ] ## #???? ???? | | ??????????????????????# ###############+#####+#??? | | ??????????????????????##????????????# #??? | | ??????????????????????BB????????????# """"" ! #??? | | ??????????????????????BB????????????# ""T"" #??? | | ???????????s?s??????????????????????# #??? | | ????????????s?s?????????????????????# """"""" #??? | | ????????????????????????????????????# """"""" #??? | | ????????????????????????????????????# """""??????? | | ????????????????????????????????????# ???????????? | | ????????????????????????????Y?????Y?##???????????? | | ?????????????????????????????????????????????????? | | ?????????????????????????????????????????????????? | | ????????????????????????????Y?????Y??????????????? | | ???????????????????????????????